 Dungeon Crawl Stone Soup version 0.22-a0-448-g1fb7470 (webtiles) character file.

2130 pk666 the Thaumaturge (level 9, 0/45 HPs)
             Began as a Deep Elf Fire Elementalist on June 4, 2018.
             Was an Initiate of Vehumet.
             Shot with an arrow by a centaur (11 damage)
             ... on level 6 of the Dungeon.
             The game lasted 00:19:50 (6555 turns).

pk666 the Thaumaturge (Deep Elf Fire Elementalist)  Turns: 6555, Time: 00:19:53

Health: 0/45       AC:  6    Str:  8    XL:     9   Next: 8%
Magic:  5/24       EV: 17    Int: 24    God:    Vehumet [......]
Gold:   288        SH:  0    Dex: 20    Spells: 17/26 levels left

rFire    + . .     SeeInvis .   e - +0 dagger
rCold    + . .     Gourm    .   (no shield)
rNeg     . . .     Faith    .   q - +2 robe {rC+ rF+}
rPois    .         Spirit   .   (no helmet)
rElec    .         Reflect  .   o - +0 cloak
rCorr    .         Harm     .   p - +0 pair of gloves {Str+3}
MR       .....                  (no boots)
Stlth    +++.......             (no amulet)
HPRegen  0.15/turn              m - +5 ring of dexterity
MPRegen  0.19/turn              s - ring of stealth

@: no status effects
A: no striking features
a: Renounce Religion


You were on level 6 of the Dungeon.
You worshipped Vehumet.
Vehumet was noncommittal.
You were very hungry.

You visited 2 branches of the dungeon, and saw 7 of its levels.

You collected 288 gold pieces.

Inventory:

Hand Weapons
 e - a +0 dagger (weapon)
Missiles
 t - 3 poisoned javelins (quivered)
Armour
 o - a +0 cloak (worn)
 p - a +0 pair of gloves of strength (worn)
 q - a +2 robe of resistance (worn)
Jewellery
 m - a +5 ring of dexterity (left hand)
 s - a ring of stealth (right hand)
Scrolls
 a - a scroll of enchant weapon {unknown}
 b - 10 scrolls of identify
 d - a scroll of fog {unknown}
 f - 2 scrolls of enchant armour {unknown}
 g - 3 scrolls of remove curse
 k - 4 scrolls of teleportation {unknown}
 l - a scroll of blinking {unknown}
 n - a scroll of fear {unknown}
 r - a scroll of vulnerability {unknown}
Potions
 h - a potion of heal wounds {unknown}
 i - a potion of might
 j - 5 potions of agility {unknown}
Comestibles
 c - 10 rations


   Skills:
 + Level 6.0 Dodging
 - Level 2.4 Stealth
 * Level 9.0 Spellcasting
 * Level 7.1 Conjurations
 + Level 7.5 Fire Magic


You had 17 spell levels left.
You knew the following spells:

 Your Spells              Type           Power        Failure   Level  Hunger
a - Flame Tongue          Conj/Fire      #####        1%          1    None
c - Conjure Flame         Conj/Fire      #####...     1%          3    None
z - Fireball              Conj/Fire      #####.....   8%          5    ####...

Your spell library contained the following spells:

 Spells                   Type           Power        Failure   Level  Hunger
 Throw Flame              Conj/Fire      #####.       1%          2    None
 Sticky Flame             Conj/Fire      #####...     2%          4    ##.....
 Inner Flame              Hex/Fire       ####....     3%          3    None


Dungeon Overview and Level Annotations

Branches:
Dungeon (6/15)             Temple (1/1) D:5

Altars:
Ashenzari
Cheibriados
Dithmenos
Elyvilon
Fedhas
Hepliaklqana
Kikubaaqudgha
Makhleb
Qazlal
Ru
Sif Muna
Trog
Uskayaw
Vehumet
Xom
Yredelemnul
Zin
The Shining One


Message History

Aiming: Flame Tongue (safe; 1% risk of failure)
Press: ? - help, Shift-Dir - straight line, f/p - orc wizard
Aim: an orc wizard, wielding a dagger and wearing a robe (heavily wounded, fast)
The flame tongue hits the orc wizard.
The orc wizard is almost dead.
The orc wizard points at you and mumbles some strange words.
The magic dart hits you!
* * * LOW HITPOINT WARNING * * *
Casting: Flame Tongue (safe; 1% risk of failure)
Confirm with . or Enter, or press ? or * to list all spells.
Aiming: Fireball (slightly dangerous; 9% risk of failure)
Press: ? - help, Shift-Dir - straight line, p - orc wizard The fireball explodes!
The fireball engulfs the centaur.
The centaur is heavily wounded.
The fireball engulfs the orc wizard.
You kill the orc wizard!
Vehumet accepts your kill.
Your Spellcasting skill increases to level 9!
The centaur shoots an arrow.
The arrow hits you!
You die...

....# ....# ...##
...# ...# ...#
#....#
##########+##
######
#......(....# ..
#......c)@..#...
###....######...
#....#........ .##
#....+........
..#.#....#........
#c..#'##'#........
#..c.......#
#..........#
#....!.....#


You could see a centaur.

Vanquished Creatures
  Pikel (D:4)
  Grinder (D:6)
  Sigmund (D:5)
  Eustachio (D:4)
  A necrophage (D:5)
  An ogre (D:4)
  A phantom (D:5)
  The ghost of Megalobster the Chopper, an amateur DsAK of Lugonu (D:3)
  A bullfrog (D:6)
  4 scorpions
  2 howler monkeys
  A jelly (D:5)
  3 hounds
  Crazy Yiuf (D:4)
  An orc priest (D:3)
  Natasha (twice) (D:3)
  2 orc wizards
  A worker ant (D:4)
  A howler monkey skeleton (D:4)
  2 adders
  7 gnolls
  2 oozes
  An adder skeleton (D:5)
  A worm (D:2)
  A dart slug (D:1)
  4 leopard geckos
  6 orcs
  2 ball pythons
  5 giant cockroaches
  8 goblins
  5 hobgoblins
  9 jackals
  3 quokkas
  8 bats
  2 frilled lizards
  A giant cockroach zombie (D:6)
  11 kobolds
  A quokka skeleton (D:5)
  7 rats
113 creatures vanquished.

Notes
Turn   | Place    | Note
-------+----------+-------------------------------------------
     0 | D:1      | pk666 the Deep Elf Fire Elementalist began the quest for the Orb.
     0 | D:1      | Reached XP level 1. HP: 10/10 MP: 6/6
   219 | D:1      | Reached XP level 2. HP: 15/15 MP: 6/8
   649 | D:1      | Reached XP level 3. HP: 19/19 MP: 5/10
   870 | D:1      | Learned a level 3 spell: Conjure Flame
  1053 | D:2      | Reached skill level 4 in Spellcasting
  1061 | D:2      | Reached XP level 4. HP: 21/24 MP: 6/12
  1721 | D:3      | Noticed Megalobster's ghost (amateur DsAK)
  1735 | D:3      | Killed Megalobster's ghost
  1735 | D:3      | Reached XP level 5. HP: 28/28 MP: 1/14
  2105 | D:3      | Reached skill level 5 in Spellcasting
  2450 | D:3      | Reached XP level 6. HP: 32/32 MP: 9/15
  2545 | D:3      | Noticed Natasha
  2558 | D:3      | Killed Natasha
  2927 | D:3      | Noticed Natasha
  2934 | D:3      | Killed Natasha
  2934 | D:3      | Reached skill level 5 in Fire Magic
  3471 | D:3      | Learned a level 5 spell: Fireball
  3934 | D:4      | Noticed Eustachio
  3975 | D:4      | Killed Eustachio
  3975 | D:4      | Reached skill level 6 in Spellcasting
  3975 | D:4      | Reached XP level 7. HP: 36/36 MP: 1/18
  4132 | D:4      | Found a runed door.
  4136 | D:4      | Noticed Crazy Yiuf
  4140 | D:4      | Killed Crazy Yiuf
  4228 | D:4      | Noticed Pikel
  4242 | D:4      | Killed Pikel
  4242 | D:4      | Reached skill level 7 in Spellcasting
  4242 | D:4      | Reached skill level 5 in Conjurations
  4242 | D:4      | Reached XP level 8. HP: 41/41 MP: 9/20
  4486 | D:5      | Entered Level 5 of the Dungeon
  4497 | D:5      | Found a staircase to the Ecumenical Temple.
  4501 | D:5      | Reached skill level 5 in Dodging
  4505 | Temple   | Entered the Ecumenical Temple
  4664 | Temple   | Became a worshipper of Vehumet
  5081 | D:5      | Noticed Sigmund
  5115 | D:5      | Killed Sigmund
  5115 | D:5      | Reached skill level 8 in Spellcasting
  6527 | D:6      | Noticed Grinder
  6534 | D:6      | Paralysed by Grinder for 6 turns
  6541 | D:6      | Killed Grinder
  6541 | D:6      | Reached XP level 9. HP: 13/45 MP: 9/23
  6555 | D:6      | Reached skill level 9 in Spellcasting
  6555 | D:6      | Shot with an arrow by a centaur

Vault maps used:
D:1:      evilmike_arrival_hilbert_curve
D:2:      first_ration
D:3:      serial_co_window_serial, co_window_paths_b, co_window_paths_a,
          co_window_paths_b, co_window_corner_a, co_window_corner_a,
          co_window_unsneaky_path_c, co_window_2corner, co_window_cross_3,
          co_window_corner_ca, co_window_cross_4, co_window_cross_2,
          co_window_corner_ca, co_window_paths_d, glass_columns_c,
          glass_columns_b, glass_columns_a, glass_columns_c, glass_columns_c,
          uniq_natasha
D:4:      uniq_crazy_yiuf_cottage, uniq_pikel, uniq_eustachio
D:5:      minmay_temple_entry_trees, uniq_sigmund
D:6:      minmay_diamond_boxcup, uniq_grinder
Temple:   dpeg_five_rooms_temple

Skill      XL: |  1  2  3  4  5  6  7  8  9 |
---------------+----------------------------+-----
Conjurations   | 2 3 4 5 7 |  7.1
Spellcasting   | 4 5 6 7 8 9 |  9.0
Fire Magic     | 4 5 6 7 |  7.5
Dodging        | 3 4 6 |  6.0
Stealth        | |  2.4

Action                   |  1- 3 |  4- 6 |  7- 9 || total
-------------------------+-------+-------+-------++-------
Melee: Dagger            |     1 |     1 |     2 ||     4
 Cast: Flame Tongue      |    63 |   117 |   114 ||   294
       Conjure Flame     |       |     9 |     5 ||    14
       Fireball          |       |       |     3 ||     3
  Use: Scroll            |     2 |       |       ||     2
  Eat: Chunk             |       |     9 |     4 ||    13
       Ration            |       |       |     1 ||     1
Armor: Robe              |     1 |     4 |     3 ||     8
Dodge: Dodged            |    17 |    17 |    32 ||    66

Table legend:
 A = Spawn XP
 B = Non-spawn XP
 C = Spawn XP percentage of total XP
 D = Spawn monster count
 E = Non-spawn monster count
 F = Spawn count percentage of total count
 G = Total turns spent on level
                    A         B        C        D         E        F      G
               +---------+---------+-------+---------+---------+-------+---------
         Total |       0 |    3043 |   0.0 |       0 |     113 |   0.0 |  6555
               +---------+---------+-------+---------+---------+-------+---------
           D:1 |       0 |      47 |   0.0 |       0 |      27 |   0.0 |   911
           D:2 |       0 |     113 |   0.0 |       0 |      26 |   0.0 |   799
           D:3 |       0 |     312 |   0.0 |       0 |      25 |   0.0 |  1759
           D:4 |       0 |    1164 |   0.0 |       0 |       9 |   0.0 |  1017
           D:5 |       0 |     691 |   0.0 |       0 |      16 |   0.0 |  1265
           D:6 |       0 |     716 |   0.0 |       0 |      10 |   0.0 |   482
               +---------+---------+-------+---------+---------+-------+---------
